AoeStats
← Dara_Shikoh

Arena

509016894Analyzed
4v4 RM · 7d ago on Sep 25, 2026· 55m 54s· 8 players
Game mode
Random Map
Map size
Large (8 player)
Population
200
Speed
Normal
Resources
Standard
Victory
Conquest
Starting age
Dark Age
Ending age
Imperial Age
RankedLock teamsTeams togetherTeam positionsShared explorationLock speedFull tech treeHidden civsTurbo modeCheats
Victory
Defeat
🇺🇸 Persians · United States
947
+4
🇨🇦 Danes · Canada
679
+12
🇺🇸 Khmer · United States
675
+12
🇺🇸 Hindustanis · United States
464
+21
🇦🇷 Turks · Argentina
649
-21
🇦🇷 Lithuanians · Argentina
642
-14
🇨🇳 Huns · China
632
-13
🇧🇴 Gurjaras · Bolivia
473
-8
MrSpawn143
11:22 Feudal Age
12:13 Horse Collar
13:36 Double-Bit Axe
19:38 Castle Age
21:16 Scale Mail Armor
21:48 Bow Saw
29:04 Heavy Plow
34:02 Imperial Age
33:30 Chain Mail Armor
33:28 Padded Archer Armor
33:35 Fletching
34:00 Forging
36:21 Squires
36:34 Artillery
38:07 Bodkin Arrow
38:43 Plate Mail Armor
38:49 Iron Casting
38:31 Leather Archer Armor
40:07 Bracer
45:06 Blast Furnace
47:14 Scale Barding Armor
47:39 Ring Archer Armor
47:17 Caravan
ZayaTruco
14:37 Feudal Age
15:52 Double-Bit Axe
18:35 Castle Age
17:29 Forging
17:20 Scale Mail Armor
17:28 Arson
19:08 Horse Collar
21:06 Squires
21:18 Gold Mining
21:54 Pikeman
27:23 Wheelbarrow
26:51 Heavy Plow
29:29 Caravan
30:00 Coinage
30:07 Coinage
30:17 Scale Barding Armor
30:56 Iron Casting
30:47 Chain Mail Armor
30:56 Bow Saw
31:39 Hill Forts
32:00 Husbandry
32:17 Bloodlines
32:54 Hand Cart
33:33 Fortified Wall
34:27 Chain Barding Armor
34:51 Fletching
36:30 Stone Mining
42:54 Imperial Age
44:21 Plate Barding Armor
43:12 Halberdier
44:41 Stone Shaft Mining
47:35 Conscription
46:48 Elite Leitis
alisonsalazarc
13:37 Feudal Age
20:12 Castle Age
23:31 Gold Mining
23:31 Stone Mining
25:53 Arson
25:31 Elite Skirmisher
26:16 Thumb Ring
25:34 Crossbowman
27:58 Wheelbarrow
36:32 Imperial Age
41:36 Husbandry
41:45 Horse Collar
45:23 Heavy Camel Rider
49:13 Kshatriyas
1279332839
0:39 Loom
10:31 Feudal Age
11:53 Horse Collar
12:02 Double-Bit Axe
17:54 Castle Age
16:25 Gold Mining
16:26 Stone Mining
19:23 Heavy Plow
19:37 Bow Saw
22:08 Man-at-Arms
25:25 Long Swordsman
28:44 Husbandry
29:24 Bloodlines
33:17 Imperial Age
31:39 Husbandry
31:50 Bloodlines
33:32 Gold Shaft Mining
33:38 Wheelbarrow
32:50 Town Watch
33:22 Scale Barding Armor
33:28 Forging
32:41 Light Cavalry
34:11 Capped Ram
35:11 Cavalier
35:12 Hussar
35:54 Pikeman
36:36 Squires
36:22 Arson
37:04 Chain Barding Armor
38:08 Iron Casting
37:34 Scale Mail Armor
37:58 Paladin
39:09 Murder Holes
39:35 Ballistics
40:15 Chemistry
39:32 Masonry
40:20 Plate Barding Armor
41:04 Blast Furnace
40:28 Siege Ram
44:53 Chain Mail Armor
46:51 Two-Man Saw
47:38 Caravan
47:38 Halberdier
52:12 Marauders
V snacks
5:10 Loom
12:30 Feudal Age
14:22 Town Watch
18:20 Castle Age
18:14 Fletching
18:20 Gold Mining
19:16 Double-Bit Axe
19:57 Horse Collar
20:49 Bodkin Arrow
22:18 Stone Mining
24:32 Wheelbarrow
25:39 Bow Saw
26:20 Scale Mail Armor
26:30 Forging
28:00 Squires
28:54 Chain Mail Armor
28:48 Hamask
31:08 Hand Cart
35:05 Imperial Age
33:15 Pikeman
35:19 Halberdier
36:34 Plate Mail Armor
39:51 Iron Casting
40:17 Caravan
44:01 Gold Shaft Mining
44:05 Onager
48:04 Blast Furnace
50:23 Elite Jomsviking
50:43 Heavy Scorpion
NWI Nutball
13:21 Feudal Age
14:47 Wheelbarrow
16:29 Horse Collar
16:41 Double-Bit Axe
19:38 Forging
19:52 Scale Mail Armor
20:36 Scale Barding Armor
23:06 Castle Age
21:56 Fletching
23:20 Padded Archer Armor
22:45 Man-at-Arms
23:12 Arson
26:28 Loom
Dara_Shikoh
0:27 Loom
10:32 Feudal Age
15:04 Castle Age
12:54 Double-Bit Axe
12:52 Horse Collar
18:59 Heavy Plow
20:10 Gold Mining
23:18 Wheelbarrow
22:21 Light Cavalry
23:12 Bloodlines
25:28 Scale Barding Armor
25:44 Forging
27:31 Chain Barding Armor
27:56 Iron Casting
29:32 Gold Shaft Mining
28:48 Stone Mining
33:53 Imperial Age
34:38 Double Crossbow
35:17 Plate Barding Armor
35:43 Blast Furnace
35:30 Hand Cart
35:36 Hussar
36:48 Ballistics
37:28 Chemistry
36:58 Siege Engineers
37:16 Heavy Scorpion
39:30 Crop Rotation
ENJIN3AR
10:51 Feudal Age
15:44 Castle Age
13:38 Double-Bit Axe
14:48 Horse Collar
16:55 Wheelbarrow
17:17 Bow Saw
18:19 Heavy Plow
22:22 Stone Mining
22:34 Gold Mining
22:33 Loom
30:46 Imperial Age
28:53 Hand Cart
29:26 Gold Shaft Mining
29:24 Husbandry
29:36 Bloodlines
29:48 Scale Barding Armor
30:47 Town Watch
31:13 Pikeman
31:57 Squires
32:09 Cavalier
32:36 Light Cavalry
32:40 Heavy Camel Rider
34:13 Conscription
34:15 Savar
35:19 Forging
35:11 Scale Mail Armor
35:31 Chain Barding Armor
36:26 Two-Man Saw
36:01 Crop Rotation
35:08 Hussar
36:54 Iron Casting
35:56 Halberdier
37:38 Chain Mail Armor
40:02 Blast Furnace
39:38 Plate Barding Armor
39:26 Citadels
39:18 Kamandaran
41:11 Ballistics
40:47 Murder Holes
40:58 Arson
43:42 Stone Shaft Mining
43:41 Plate Mail Armor
43:12 Padded Archer Armor
43:02 Fletching
44:58 Chemistry
43:51 Gambesons
43:52 Elite War Elephant
46:07 Crossbowman
46:53 Thumb Ring
52:32 Hoardings
55:04 Bodkin Arrow
55:25 Leather Archer Armor
54:35 Spies/Treason
Connection lost

Rejoining the realm…

Still unreachable

The connection could not be restored.

Session expired

The server has moved on; the page needs a fresh start.